 Dungeon Crawl Stone Soup version 0.31-a0-188-g5e087ee2ca (webtiles) character file.

Game seed: 9961850793550746015

100 qw the Shooter (level 4, 0/25 HPs)
             Began as a Deep Elf Hunter on June 22, 2023.
             Slain by Jessica
             ... wielding a +2 dagger of speed
              (1 damage)
             ... on level 3 of the Dungeon.
             The game lasted 00:00:42 (1661 turns).

qw the Shooter (Deep Elf Hunter)                    Turns: 1661, Time: 00:00:43

Health: 0/25       AC: 13    Str: 10    XL:     4   Next: 47%
Magic:  6/6        EV:  9    Int: 14    God:
Gold:   159        SH:  0    Dex: 18    Spells: 3/3 levels left

rFire   + + .        Y - +0 shortbow
rCold   + + .        (shield currently unavailable)
rNeg    . . .        e - +4 scale mail of Xoohawol {rF++ rC++ Stlth-}
rPois   .            (no helmet)
rElec   .            (no cloak)
rCorr   .            l - +2 pair of gloves
SInv    .            (no boots)
Will    .....        (no amulet) Stlth
                     (no ring)
HPRegen 0.24/turn    (no ring)
MPRegen 0.10/turn

%: no passive effects
@: about to teleport
A: no striking features
a: no special abilities


You were on level 3 of the Dungeon.
You visited 1 branch of the dungeon, and saw 3 of its levels.

You collected 159 gold pieces.


   Skills:
 - Level 1.5 Fighting
 + Level 7.9 Ranged Weapons
 - Level 2.4 Dodging
 - Level 1.2 Stealth


You had 3 spell levels left.
You didn't know any spells.
Your spell library was empty.

Inventory:

Hand Weapons
 Y - a +0 shortbow (weapon)
Armour
 b - a +0 cloak
 e - the +4 scale mail of Xoohawol (worn) {rF++ rC++ Stlth-}
   (You found it on level 2 of the Dungeon)

   rF:        It greatly protects you from fire.
   rC:        It greatly protects you from cold.
   Stlth:     It makes you less stealthy.
 l - a +2 pair of gloves (worn)
Scrolls
 a - a scroll of teleportation
Potions
 d - a potion of haste {unknown}
 f - 2 potions of curing

Dungeon Overview and Level Annotations

Branches:
Dungeon (3/15)

Altars:

Annotations:
D:3 Jessica


Message History

Enter note: You shoot an arrow.
The arrow barely misses Jessica.
You shoot an arrow. The arrow closely misses Jessica.
Jessica gestures at you while chanting. You resist with some effort.
You shoot an arrow. The arrow closely misses Jessica.
You shoot an arrow. The arrow hits Jessica.
Jessica is lightly wounded.
Jessica mumbles some strange words.
Jessica blinks!
You shoot an arrow. The arrow hits Jessica.
Jessica is lightly wounded.
Jessica gestures wildly while chanting.
Jessica seems to speed up.
You shoot an arrow. The arrow closely misses Jessica.
Jessica hits you but does no damage. Jessica barely misses you.
You shoot an arrow. The arrow barely misses Jessica.
Jessica gestures wildly while chanting.
Jessica blinks!
You shoot an arrow. The arrow barely misses Jessica.
Jessica hits you with a +2 dagger of speed!
You shoot an arrow.
The arrow hits Jessica but does no damage.
Jessica is lightly wounded.
Jessica hits you with a +2 dagger of speed.
Jessica hits you but does no damage.
Jessica hits you with a +2 dagger of speed.
You shoot an arrow. The arrow closely misses Jessica.
Jessica hits you with a +2 dagger of speed.
Jessica hits you but does no damage. Jessica completely misses you.
1660 ||| READING 2 scrolls of teleportation.
As you read the scroll of teleportation, it crumbles to dust.
You feel strangely unstable. Jessica gestures at you while chanting.
You barely resist.
Jessica hits you with a +2 dagger of speed.
You shoot an arrow. The arrow hits Jessica!
Jessica is almost dead.
Jessica hits you with a +2 dagger of speed.
You die...

#..'........#.#
####........#.#
#........#.#
#........#.#
#/.......#.#
#........#.#
##########.#
#.# #@#
......@..+
.........#
.........#
##########


You could see Jessica (fast).

Vanquished Creatures
  4 adders
  3 dart slugs
  2 worms
  4 ball pythons (D:1)
  3 bats
  3 endoplasms
  2 giant cockroaches (D:1)
  6 goblins
  A hobgoblin (D:2)
  2 jackals (D:1)
  7 kobolds
  5 quokkas
  5 frilled lizards
  7 rats
54 creatures vanquished.

Notes
Turn   | Place    | Note
-------+----------+-------------------------------------------
     0 | D:1      | qw the Deep Elf Hunter began the quest for the Orb.
     0 | D:1      | Reached XP level 1. HP: 12/12 MP: 3/3
     0 | D:1      | 0 ||| qw: Version: 0.3-a-9-g12657ce
     0 | D:1      | 0 ||| qw: Game counter: 2908
     0 | D:1      | 0 ||| qw: Always use a shield: true
     0 | D:1      | 0 ||| qw: God list: Okawaru
     0 | D:1      | 0 ||| qw: Allow faded altars: false
     0 | D:1      | 0 ||| qw: Do Orc after D:15 true
     0 | D:1      | 0 ||| qw: Do second Lair branch before Depths: true
     0 | D:1      | 0 ||| qw: Lair rune preference: random
     0 | D:1      | 0 ||| qw: Plans: Normal
     0 | D:1      | 0 ||| PLANNING D:1-11
    62 | D:1      | Reached XP level 2. HP: 9/16 MP: 4/4
    64 | D:1      | Reached skill level 6 in Ranged Weapons
   470 | D:1      | Reached XP level 3. HP: 20/20 MP: 5/5
   699 | D:1      | 699 ||| UPGRADING to +2 pair of gloves.
   704 | D:1      | 704 ||| READING 2 scrolls labelled LAPOGE BAROSH.
   707 | D:1      | 707 ||| READING scroll labelled JIXEKI TUMOUM.
   708 | D:1      | 708 ||| READING scroll labelled ZACZUGHUWN.
   709 | D:1      | 709 ||| READING scroll labelled TINUIGG HIAKOA.
   710 | D:1      | 710 ||| READING scroll labelled COUTYT XINUFOE.
   711 | D:1      | 711 ||| READING 2 scrolls labelled MORIL MANOET.
   712 | D:1      | 712 ||| DRINKING 2 green potions.
   713 | D:1      | 713 ||| DROPPING scroll of butterflies.
   714 | D:1      | 714 ||| DROPPING scroll of summoning.
   773 | D:2      | 773 ||| FLEEEEING.
   774 | D:2      | 774 ||| FLEEEEING.
   775 | D:2      | 775 ||| FLEEEEING.
   776 | D:2      | 776 ||| FLEEEEING.
   809 | D:2      | Reached skill level 7 in Ranged Weapons
  1149 | D:2      | Identified the +4 scale mail of Xoohawol {rF++ rC++ Stlth-}
  1378 | D:2      | 1378 ||| UPGRADING to +4 scale mail of Xoohawol {rF++ rC++
                  | Stlth-}.
  1388 | D:2      | 1388 ||| DROPPING +0 leather armour.
  1389 | D:2      | 1389 ||| READING scroll labelled MAM GIOTEUNOT.
  1390 | D:2      | 1390 ||| DRINKING 2 glowing orange potions.
  1391 | D:2      | 1391 ||| DROPPING potion of brilliance.
  1425 | D:3      | 1425 ||| STAIRDANCE
  1434 | D:2      | Reached XP level 4. HP: 22/25 MP: 6/6
  1649 | D:3      | Noticed Jessica
  1659 | D:3      | HP: 5/25 [Jessica/+2 dagger of speed (4)]
  1660 | D:3      | 1660 ||| READING 2 scrolls of teleportation.
  1660 | D:3      | HP: 1/25 [Jessica/+2 dagger of speed (5)]
  1661 | D:3      | Slain by Jessica

Levels and vault maps discovered:
D:1:      dpeg_chamrin_arrival_tetris, layout_basic, minmay_small_reverse_x
D:2:      layout_loops_ring
D:3:      layout_basic, nicolae_goblin_pals, uniq_jessica,
          uniq_crazy_yiuf_cottage

Skill      XL: |  1  2  3 |
---------------+----------+-----
Ranged Weapons | 6 7 |  7.9
Fighting       | |  1.5
Dodging        | |  2.4
Stealth        | |  1.2

Action                     |  1- 3 |  4- 6 || total
---------------------------+-------+-------++-------
   Fire: Shortbow          |   123 |    35 ||   158
    Use: Scroll            |     7 |     1 ||     8
         Potion            |     2 |       ||     2
 Armour: Leather armour    |    13 |       ||    13
         Scale mail        |     7 |    10 ||    17
  Dodge: Dodged            |    25 |     9 ||    34

Table legend:
 A = Non-vault XP
 B = Vault XP
 C = Vault XP percentage of total XP
 D = Non-vault monster count
 E = Vault monster count
 F = Vault count percentage of total count
                 A         B        C        D         E       F
            +---------+---------+-------+---------+---------+-------
      Total |     138 |       6 |   4.2 |      50 |       4 |   7.4
            +---------+---------+-------+---------+---------+-------
        D:1 |      45 |       6 |  11.8 |      27 |       4 |  12.9
        D:2 |      56 |       0 |   0.0 |      18 |       0 |   0.0
        D:3 |      37 |       0 |   0.0 |       5 |       0 |   0.0
            +---------+---------+-------+---------+---------+-------
